 Dungeon Crawl Stone Soup version 0.29-a0-284-gf9362112df (webtiles) character file.

Game seed: 13694932950066838386

4748 drugrobin the Cleaver (level 10, -1/86 HPs)
             Began as a Demigod Fighter on Mar 15, 2022.
             Slain by Joseph
             ... wielding a +0 quarterstaff
              (8 damage)
             ... on level 8 of the Dungeon.
             The game lasted 00:21:18 (10119 turns).

drugrobin the Cleaver (Demigod Fighter)            Turns: 10119, Time: 00:21:18

Health: -1/86      AC: 12    Str: 41      XL:     10   Next: 3%
Magic:  13/13      EV:  8    Int: 10 (13) God:
Gold:   479        SH:  4    Dex: 13      Spells: 9/9 levels left

rFire   . . .      SeeInvis .   a - +2 war axe (flame)
rCold   . . .      Faith    .   y - +0 buckler
rNeg    . . .      Spirit   .   L - +0 chain mail
rPois   .          Reflect  .   M - +0 helmet {Int+3}
rElec   .          Harm     .   (no cloak)
rCorr   .          Rampage  .   h - +0 pair of gloves
Will    +....                   j - +0 pair of boots
Stlth   ..........              (no amulet)
HPRegen 0.24/turn               I - +6 ring of strength
MPRegen 0.13/turn               u - +6 ring of strength

@: studying Throwing
A: high MP 1, forlorn, divine attributes
a: no special abilities


You were on level 8 of the Dungeon.
You visited 1 branch of the dungeon, and saw 8 of its levels.

You collected 479 gold pieces.

Inventory:

Hand Weapons
 a - a +2 war axe of flaming (weapon)
 b - the +10 hunting sling "Hinwa" {venom, rN+}
   (You found it on level 3 of the Dungeon)

   Any ammunition fired from it poisons the flesh of those it strikes.
   rN:        It protects you from negative energy.
 c - a +1 whip of venom
Missiles
 r - 20 poisoned darts (quivered)
Armour
 h - a +0 pair of gloves (worn)
 j - a +0 pair of boots (worn)
 y - a +0 buckler (worn)
 L - a +0 chain mail (worn)
 M - a +0 helmet of intelligence (worn)
Jewellery
 d - a ring of magical power
 k - a ring of flight
 q - a ring of protection from cold
 u - a +6 ring of strength (right hand)
 I - a +6 ring of strength (left hand)
Wands
 x - a wand of acid (9)
 z - a wand of iceblast (15)
Scrolls
 e - a scroll of noise {unknown}
 f - 4 scrolls of teleportation {unknown}
 g - a scroll of fog {unknown}
 i - 7 scrolls of identify {unknown}
 l - 3 scrolls of enchant weapon {unknown}
 p - 2 scrolls of immolation {unknown}
 s - 3 scrolls of fear {unknown}
 w - a scroll of holy word {unknown}
 C - a scroll of torment {unknown}
 E - 2 scrolls of brand weapon {unknown}
 G - a scroll of enchant armour {unknown}
 K - a scroll of magic mapping {unknown}
 O - 3 scrolls of amnesia {unknown}
Potions
 m - 3 potions of brilliance {unknown}
 n - 3 potions of haste {unknown}
 o - a potion of resistance {unknown}
 t - 2 potions of degeneration {unknown}
 v - a potion of curing {unknown}
 A - 3 potions of flight {unknown}
 B - a potion of heal wounds {unknown}
 D - a potion of mutation {unknown}
 F - a potion of cancellation {unknown}
 H - 2 potions of berserk rage {unknown}
 J - 4 potions of might
 N - a potion of lignification {unknown}
 P - a potion of magic {unknown}


   Skills:
 + Level 7.5 Fighting
 + Level 12.0 Axes
 - Level 2.6 Armour
 - Level 2.6 Shields


You had 9 spell levels left.
You didn't know any spells.
Your spell library contained the following spells:

 Spells                   Type           Power      Damage    Failure   Level
 Summon Small Mammal      Summ           0%         N/A       87%         1
 Blink                    Tloc           0%         N/A       95%         2
 Call Canine Familiar     Summ           0%         N/A       99%         3
 Lesser Beckoning         Tloc           0%         N/A       99%         3
 Summon Guardian Golem    Hex/Summ       0%         N/A       99%         3
 Manifold Assault         Tloc           0%         N/A       100%        5


Dungeon Overview and Level Annotations

Branches:
Dungeon (8/15)             Temple (0/1) D:6
   Lair: D:8-11

Shops:
D:4 :

Annotations:
D:5 2 transporters, spaghetti's ghost, novice OpBe
D:8 Joseph


Innate Abilities, Weirdness & Mutations

You have an increased reservoir of magic. (+10% MP)
You shall have no god before yourself.
Your divine heritage dramatically boosts your attributes as you level up.


Message History

Joseph completely misses you.
Unknown command.
Unknown command.
Okay, then.
Unknown command.
Aiming: Corrosive Bolt
Press: ? - help, Shift-Dir - straight line, f/p - Joseph
Aim: Joseph, wielding a +0 quarterstaff, wearing a +1 ring mail of fire resistance and quivering a throwing net (heavily wounded, strong, very poisoned, 75% to hit)
The bolt of acid hits Joseph.
The acid corrodes Joseph!
Joseph is heavily wounded.
Joseph hits you with a +0 quarterstaff!!
* * * LOW HITPOINT WARNING * * *
Unknown command.
Unknown command.
Okay, then.
Unknown command.
Unknown command.
Unknown command.
Okay, then.
Unknown command.
Unknown command.
Aiming: Corrosive Bolt
Press: ? - help, Shift-Dir - straight line, f/p - Joseph
Aim: Joseph, wielding a +0 quarterstaff, wearing a +1 ring mail of fire resistance and quivering a throwing net (heavily wounded, strong, very poisoned, covered in acid, 75% to hit)
The bolt of acid hits Joseph!
Joseph is severely wounded.
Joseph hits you with a +0 quarterstaff.
* * * LOW HITPOINT WARNING * * *
Unknown command.
Aiming: Corrosive Bolt
Press: ? - help, Shift-Dir - straight line, f/p - Joseph
Aim: Joseph, wielding a +0 quarterstaff, wearing a +1 ring mail of fire resistance and quivering a throwing net (severely wounded, strong, very poisoned, covered in acid, 75% to hit)
The bolt of acid misses Joseph.
Joseph barely misses you.
Aiming: Corrosive Bolt
Press: ? - help, Shift-Dir - straight line, f/p - Joseph
Aim: Joseph, wielding a +0 quarterstaff, wearing a +1 ring mail of fire resistance and quivering a throwing net (severely wounded, strong, very poisoned, covered in acid, 75% to hit)
The bolt of acid hits Joseph!
Joseph is almost dead.
Joseph hits you with a +0 quarterstaff!
You die...

.#.########.#.#.#.#############.#
.#..........#.#............####.#
...................@.............
....#########.#...########..###..
..#.####### #.#.#.## #..#####
..#'#.....# #.#.#..# #.[#....
##........# #.#.##.## #.<#.###
##........###.#@##..######..#T# #
............#.#.@...........#.###
......#####.#..................|.
.........##.#....................
..###....##.##...................
..###....##.##...................
...########.##...................
...# #.##...................
##.### #.##...................
...†.######.##...................


You could see Joseph (strong, very poisoned, corroded).

Vanquished Creatures
  2 kobold demonologists (D:8)
  2 trolls (D:8)
  Prince Ribbit (D:6)
  Sigmund (D:3)
  Grum (D:8)
  2 steam dragons (D:8)
  Edmund (D:6)
  A water moccasin (D:8)
  2 ice beasts
  A black bear (D:6)
  2 sky beasts
  2 ogres
  2 wolves (D:8)
  2 centaurs (D:7)
  A phantom (D:4)
  A kobold brigand (D:8)
  A necrophage (D:8)
  2 bullfrogs
  3 scorpions
  A water moccasin skeleton (D:6)
  4 wights (D:7)
  5 killer bees (D:8)
  2 howler monkeys (D:4)
  A centaur zombie (D:6)
  A hound (D:6)
  A jelly (D:6)
  3 orc priests
  3 bullfrog skeletons (D:6)
  A centaur skeleton (D:6)
  3 orc wizards
  3 killer bee zombies (D:6)
  8 adders
  10 gnolls
  2 howler monkey skeletons (D:6)
  3 shadow imps
  3 white imps
  3 ufetubi
  2 worms (D:4)
  2 dart slugs (D:4)
  10 orcs
  9 ball pythons
  7 endoplasms
  8 giant cockroaches
  9 hobgoblins
  5 jackals
  21 kobolds
  4 quokkas
  5 bats
  2 frilled lizards
  5 goblins
  A rat (D:3)
177 creatures vanquished.

Vanquished Creatures (others)
  A kobold (D:4)
  A fungus (D:2)
  A withered plant (D:6)
3 creatures vanquished.

Grand Total: 180 creatures vanquished

Notes
Turn   | Place    | Note
-------+----------+-------------------------------------------
     0 | D:1      | drugrobin the Demigod Fighter began the quest for the Orb.
     0 | D:1      | Reached XP level 1. HP: 18/18 MP: 3/3
    39 | D:1      | Reached skill level 2 in Axes
   281 | D:1      | Reached XP level 2. HP: 25/25 MP: 4/4
   519 | D:1      | Reached skill level 3 in Axes
   969 | D:2      | Reached XP level 3. HP: 28/30 MP: 5/5
  1502 | D:3      | Noticed Sigmund
  2098 | D:3      | Killed Sigmund
  2099 | D:3      | Reached skill level 5 in Axes
  2099 | D:3      | Reached XP level 4. HP: 3/37 MP: 6/6
  2099 | D:3      | Reached XP level 5. HP: 3/42 MP: 7/7
  3209 | D:3      | Identified the +10 hunting sling "Hinwa" {venom, rN+}
  3337 | D:4      | Reached skill level 6 in Axes
  3337 | D:4      | Reached XP level 6. HP: 50/50 MP: 8/8
  3443 | D:4      | Reached skill level 7 in Axes
  3664 | D:4      | Found Cilol's Book Emporium.
  3758 | D:4      | Reached XP level 7. HP: 36/56 MP: 9/9
  4435 | D:5      | Entered Level 5 of the Dungeon
  4451 | D:5      | Noticed spaghetti's ghost (novice OpBe)
  4459 | D:5      | Found a transporter.
  4639 | D:5      | Found a transporter.
  4658 | D:5      | Reached skill level 8 in Axes
  5388 | D:6      | Reached skill level 9 in Axes
  5538 | D:6      | Reached XP level 8. HP: 62/62 MP: 10/10
  5542 | D:6      | Noticed Prince Ribbit
  5551 | D:6      | Killed Prince Ribbit
  5553 | D:6      | HP: 2/62 [bullfrog skeleton (2)]
  5824 | D:6      | Noticed Edmund
  5841 | D:6      | Killed Edmund
  5842 | D:6      | Reached skill level 10 in Axes
  6263 | D:6      | Found a staircase to the Ecumenical Temple.
  7016 | D:7      | Reached XP level 9. HP: 61/73 MP: 11/11
  7079 | D:7      | Reached skill level 5 in Fighting
  7737 | D:7      | Reached skill level 11 in Axes
  8302 | D:8      | Noticed Joseph
  8548 | D:8      | Noticed a kobold demonologist
  8889 | D:8      | Noticed a kobold demonologist
  8891 | D:8      | Noticed a hellwing
  8898 | D:8      | Noticed an orange demon
  8902 | D:8      | Killed a kobold demonologist
  9147 | D:8      | Noticed Grum
  9156 | D:8      | Killed Grum
 10040 | D:8      | Killed a kobold demonologist
 10041 | D:8      | Reached skill level 12 in Axes
 10041 | D:8      | Reached XP level 10. HP: 86/86 MP: 13/13
 10119 | D:8      | Slain by Joseph

Illustrated notes

Levels and vault maps discovered:
D:1:      shiori_arrival_maze, layout_loops_ring
D:2:      layout_rooms, basic_altar, shapermc_ecumenical_altar_ellora
D:3:      layout_loops_cross, uniq_sigmund
D:4:      layout_basic, serial_shops, nicolae_shop_advertising_works
          [nicolae_subvault_shop_adworks], minmay_starry_boxes
D:5:      layout_basic, gammafunk_ghost_arena, minivault_11, chequers_garden
D:6:      layout_loops_ring, minmay_temple_entry_antechambers, serial_undead,
          serial_undead_a, serial_undead_c, serial_undead_c, serial_undead_e,
          uniq_prince_ribbit1, uniq_edmund
D:7:      layout_basic
D:8:      layout_basic, minmay_fractal_squares_5, uniq_joseph, uniq_grum

Skill      XL: |  1  2  3  4  5  6  7  8  9 |
---------------+----------------------------+-----
Axes           | 2 3 5 6 7 9 10 12 | 12.0
Fighting       | 4 7 |  7.5
Armour         | |  2.6
Shields        | |  2.6

Action                   |  1- 3 |  4- 6 |  7- 9 | 10-12 || total
-------------------------+-------+-------+-------+-------++-------
Melee: War axe           |    61 |    58 |   196 |     2 ||   317
       Whip              |    50 |    46 |    36 |       ||   132
 Fire: Hunting sling     |       |    30 |    92 |     6 ||   128
Throw: Dart              |     3 |     2 |     1 |       ||     6
Evoke: Wand              |       |       |       |     4 ||     4
Armor: Scale mail        |    40 |    38 |    55 |       ||   133
       Chain mail        |       |       |    77 |     1 ||    78
Dodge: Dodged            |    40 |    50 |   123 |     2 ||   215
Block: Buckler           |    19 |    24 |    55 |     1 ||    99

Table legend: (Time is in decaauts)
 A = Elapsed time spent in this place.
 B = Non-inter-level travel time spent in this place.
 C = Inter-level travel time spent in this place.
 D = Time resting spent in this place.
 E = Time spent auto-exploring this place.
 F = Levels seen in this place.
 G = Mean time per level.
                   A        B        C        D        E       F      G
               +--------+--------+--------+--------+--------+-----+--------+
         Total |  10212 |   9937 |    275 |   2694 |   4988 |   8 | 1276.5 |
       Dungeon |  10212 |   9937 |    275 |   2694 |   4988 |   8 | 1276.5 |
               +--------+--------+--------+--------+--------+-----+--------+

Top non-repeatable levels by time:
     D:8: 2026 daAuts
     D:7: 1601 daAuts
     D:2: 1417 daAuts
     D:4: 1157 daAuts
     D:6: 1140 daAuts
     D:3: 1094 daAuts
     D:5: 944 daAuts
     D:1: 830 daAuts
